 Dungeon Crawl Stone Soup version 0.31-a0-303-gdc8c9485ea (webtiles) character file.

Game seed: 2384403823801593005

88 Mahakala the Sneak (level 4, 0/21 HPs)
             Began as a Spriggan Enchanter on July 16, 2023.
             Slain by Grinder (3 damage)
             ... while paralysed by Grinder
             ... on level 3 of the Dungeon.
             The game lasted 00:07:48 (1937 turns).

Mahakala the Sneak (Spriggan Enchanter)             Turns: 1937, Time: 00:07:48

Health: 0/21       AC:  2    Str:  4    XL:     4   Next: 30%
Magic:  9/9        EV:  4    Int: 18    God:
Gold:   85         SH:  0    Dex: 15    Spells: 3/8 levels left

rFire   . . .        a - +1 dagger
rCold   . . .        (no shield)
rNeg    . . .        b - +0 robe
rPois   .            (helmet restricted)
rElec   .            (no cloak)
rCorr   .            (gloves unavailable)
SInv    +            (boots unavailable)
Will    .....        (no amulet)
Stlth   +++          (no ring)
HPRegen 0.23/turn    (no ring)
MPRegen 0.11/turn

%: no passive effects
@: paralysed, very quick
A: very small, no large weapons, unfitting armour, see invisible, speed 3
a: no special abilities


You were on level 3 of the Dungeon.
You visited 1 branch of the dungeon, and saw 3 of its levels.

You collected 85 gold pieces.

Inventory:

Hand Weapons
 a - a +1 dagger (weapon)
Armour
 b - a +0 robe (worn)
 h - a +0 buckler
 k - a +0 cloak
Scrolls
 d - 3 scrolls of fear {unknown}
 f - a scroll of immolation {unknown}
 i - a scroll of enchant armour {unknown}
 j - a scroll of amnesia {unknown}
Potions
 c - 3 potions of invisibility
 e - 3 potions of curing {unknown}
 g - a potion of degeneration {unknown}
 l - a potion of might {unknown}
 m - a potion of brilliance {unknown}


   Skills:
 * Level 3.8 Short Blades
 - Level 2.6 Dodging
 - Level 4.4 Stealth
 - Level 2.6 Spellcasting
 + Level 4.2 Hexes
 - Level 1.0 Ice Magic


You had 3 spell levels left.
You knew the following spells:

 Your Spells              Type           Power      Damage    Failure   Level
a - Ensorcelled Hibernat  Hex/Ice        22%        N/A       9%          2
b - Confusing Touch       Hex            17%        N/A       9%          3

Your spell library contained the following spells:

 Spells                   Type           Power      Damage    Failure   Level
 Tukima's Dance           Hex            17%        N/A       9%          3
 Dazzling Flash           Conj/Hex       20%        N/A       22%         3


Dungeon Overview and Level Annotations

Branches:
Dungeon (3/15)

Altars:
Yredelemnul
The Shining One

Annotations:
D:3 1 runed translucent door, Grinder; Newt's ghost, amateur KoHu


Innate Abilities, Weirdness & Mutations

You are very small and have problems with some larger weapons.
You are too small for most types of armour.
You have supernaturally acute eyesight. (SInv)
You cover ground extremely quickly. (Speed+++)


Message History

The helpless orc fails to defend itself.
You impale the orc!!
You kill the orc!
Things that are here:
a +0 whip; a +0 leather armour; an orc corpse You open the door.
Found a glowing golden altar of the Shining One.
There is an open door here.
You open the door.
Found a basalt altar of Yredelemnul.
There is an open door here.
Found 17 gold pieces.
Newt's ghost turns its malevolent gaze towards you.
Found a bubbling dark potion and a plate armour.
l - a bubbling dark potion;
m - a golden potion
Found 5 stones.
You open the door.
There is an open door here.
Grinder comes into view.
You see here an amulet of reflection.
A hobgoblin comes into view.
The helpless Grinder fails to defend herself.
You impale Grinder!!
Grinder is severely wounded.
Grinder closely misses you.
You hit Grinder but do no damage.
Grinder is severely wounded.
Grinder gestures at you. You resist with some effort.
You hit Grinder.
Grinder is almost dead.
The hobgoblin shouts!
Grinder gestures at you.
You suddenly lose the ability to move!
Grinder hits you!
You writhe in agony.
* * * LOW HITPOINT WARNING * * *
Grinder hits you.
* * * LOW HITPOINT WARNING * * *
You writhe in agony.
You die...

..# .... ...## ######
#.g.# #.#.#.# ....#
#.#.#.# ...#.#5#.#.#.#
#...#..#@#.#.#.#. .....
#.#.#.#.#.#
#.....+#.#"....# #.
+.....#.#.#...#.#.#.
#......#.#+...+#.#.#.
#.....#.#.#...#.#.#.#+
#......#.#.#.#.#.#.#.#.
########'#.#.#.#.#.#.#.#+
#.........#.#.#.#.#.#.#.#.


You could see Grinder and a hobgoblin.

Vanquished Creatures
  Crazy Yiuf (D:2)
  An adder (D:2)
  A dart slug (D:1)
  2 orcs
  7 endoplasms
  2 giant cockroaches
  4 goblins
  5 hobgoblins
  5 jackals (D:1)
  A quokka (D:1)
  3 ball pythons
  2 bats
  6 frilled lizards
  2 kobolds (D:2)
  A rat (D:1)
43 creatures vanquished.

Notes
Turn   | Place    | Note
-------+----------+-------------------------------------------
     0 | D:1      | Mahakala the Spriggan Enchanter began the quest for the
                  | Orb.
     0 | D:1      | Reached XP level 1. HP: 9/9 MP: 5/5
   199 | D:1      | Reached XP level 2. HP: 13/13 MP: 6/6
   211 | D:1      | Learned a level 2 spell: Ensorcelled Hibernation
   316 | D:1      | Found a faded altar of an unknown god.
   670 | D:1      | Reached XP level 3. HP: 16/16 MP: 5/8
   674 | D:1      | Learned a level 3 spell: Confusing Touch
  1464 | D:2      | Found a runed translucent door.
  1465 | D:2      | Noticed Crazy Yiuf
  1724 | D:2      | Killed Crazy Yiuf
  1725 | D:2      | Reached skill level 1 in Ice Magic
  1725 | D:2      | Reached XP level 4. HP: 21/21 MP: 2/9
  1818 | D:3      | Found a glowing golden altar of the Shining One.
  1819 | D:3      | Found a runed translucent door.
  1823 | D:3      | Found a basalt altar of Yredelemnul.
  1831 | D:3      | Noticed Newt's ghost (amateur KoHu)
  1928 | D:3      | Noticed Grinder
  1935 | D:3      | Paralysed by Grinder for 3 turns
  1937 | D:3      | Slain by Grinder

Illustrated notes

Levels and vault maps discovered:
D:1:      minmay_arrival_five_plusses, layout_rooms,
          hellmonk_ecumenical_altar_arch_garden
D:2:      layout_loops_cross, uniq_crazy_yiuf_cottage
D:3:      layout_basic, grunt_temple_overflow_holy_war,
          ebering_ghost_reflecting_pool, dreamdust_princess_bridge, uniq_grinder

Skill      XL: |  1  2  3 |
---------------+----------+-----
Short Blades   | 2 3 |  3.8
Hexes          | 4 |  4.2
Ice Magic      | 1 |  1.0
Dodging        | |  2.6
Stealth        | |  4.4
Spellcasting   | |  2.6

Action                     |  1- 3 |  4- 6 || total
---------------------------+-------+-------++-------
  Melee: Dagger            |   157 |     5 ||   162
         Punch             |     2 |     1 ||     3
   Cast: Ensorcelled Hiber |    22 |     1 ||    23
   Stab: Sleeping          |    19 |     2 ||    21
 Armour: Robe              |     8 |       ||     8
  Dodge: Dodged            |   122 |     2 ||   124

Table legend: (Time is in decaauts)
 A = Elapsed time spent in this place.
 B = Non-inter-level travel time spent in this place.
 C = Inter-level travel time spent in this place.
 D = Time resting spent in this place.
 E = Time spent auto-exploring this place.
 F = Levels seen in this place.
 G = Mean time per level.
                   A        B        C        D        E       F      G
               +--------+--------+--------+--------+--------+-----+--------+
         Total |   1360 |   1312 |     48 |    194 |    544 |   3 |  453.3 |
       Dungeon |   1360 |   1312 |     48 |    194 |    544 |   3 |  453.3 |
               +--------+--------+--------+--------+--------+-----+--------+

Top non-repeatable levels by time:
     D:2: 713 daAuts
     D:1: 554 daAuts
     D:3: 92 daAuts
